 Dungeon Crawl Stone Soup version 0.17.0 (webtiles) character file.

278356 hyperuncluie the Bludgeoner (level 19, -6/190 HPs)
             Began as a Demonspawn Berserker on Nov 11, 2015.
             Was an Elder of Trog.
             Mangled by a white very ugly thing (10 damage)
             ... on level 5 of the Abyss on Nov 12, 2015.
             The game lasted 01:49:59 (37785 turns).

hyperuncluie the Bludgeoner (Demonspawn Berserker) Turns: 37785, Time: 01:49:59

Health: -6/190     AC: 21    Str: 23      XL:     19   Next: 63%
Magic:  7/7        EV: 24    Int:  6 (7)  God:    Trog [****..]
Gold:   1764       SH:  0    Dex: 16      Spells: 0 memorised, 18 levels left

rFire  + + .     SeeInvis .     s - +7 great mace (antimagic)
rCold  + + .     Clarity  .     M - +0 swamp dragon armour
rNeg   . . .     SustAt   .     (shield currently unavailable)
rPois  +         Gourm    .     (helmet unavailable)
rElec  +         Spirit   .     T - +2 cloak of Starlight {rElec rC+ EV+4 Stlth--}
rCorr  .         Warding  .     i - +0 pair of gloves
rMut   +         Stasis   .     J - +1 pair of boots {Stlth+}
MR     ++...                    a - amulet of resist mutation
Stlth  ..........               Y - ring of protection from fire
                                U - ring of protection from magic

@: mighty, exhausted, very slightly contaminated, hasted and slowed, drained,
very resistant to hostile enchantments, extremely unstealthy
A: horns 3, iridescent scales 2, clumsy 1, cold resistance 1, deformed body,
deterioration 1, dopey 1, fire resistance 1, powered by pain 1, robust 2, weak
1, freezing cloud immunity
a: Berserk, Trog's Hand, Brothers in Arms, Burn Spellbooks, Renounce Religion
}: 2/15 runes: decaying, gossamer


You were on level 5 of the Abyss.
You worshipped Trog.
Trog was greatly pleased with you.
You were not hungry.

You visited 6 branches of the dungeon, and saw 35 of its levels.
You visited the Abyss 3 times.
You also visited: Volcano.

You collected 4252 gold pieces.
You spent 2488 gold pieces at shops.

Inventory:

Hand Weapons
 s - a +7 antimagic great mace (weapon)
 L - the +1 great mace of a labyrinth {freeze, +Fly Stlth+}
   (You found it on level 3 of the Lair of Beasts)

   It has been specially enchanted to freeze those struck by it, causing extra
   injury to most foes and up to half again as much damage against particularly
   susceptible opponents.
   It can also slow down cold-blooded creatures.
   It lets you fly.
   It makes you more stealthy.
Armour
 i - a +0 pair of gloves (worn)
 C - a +2 ring mail of fire resistance
 J - a +1 pair of boots of stealth (worn)
 M - a +0 swamp dragon armour (worn)
 T - the +2 cloak of Starlight (worn) {rElec rC+ EV+4 Stlth--}
   (You bought it in a shop on level 4 of the Dungeon)

   It affects your evasion (+4).
   It protects you from cold.
   It insulates you from electricity.
   It makes you much less stealthy.
Rods
 u - a +3 iron rod (9/9)
   (You took it off a deep elf sorcerer on level 3 of the Elven Halls)
Jewellery
 a - an amulet of resist mutation (around neck)
 j - an uncursed ring of fire
 w - an uncursed amulet of warding
 O - an uncursed amulet of stasis {unknown}
 U - a ring of protection from magic (left hand)
 Y - a ring of protection from fire (right hand)
Wands
 f - a wand of disintegration (4)
 h - a wand of disintegration (3)
 q - a wand of lightning (8)
 r - a wand of teleportation (0)
 x - a wand of digging (10)
 W - a wand of teleportation (2)
Scrolls
 e - a scroll of blinking
 k - a scroll of magic mapping
 o - 18 scrolls of remove curse
 t - a scroll of enchant armour
 y - a scroll of vulnerability
 E - 6 scrolls of fear
 F - 5 scrolls of recharging
 P - a scroll of enchant weapon
 R - 2 scrolls of fog
Potions
 b - 6 potions of flight
 d - 3 potions of lignification
 l - a potion of cure mutation
 n - 2 potions of ambrosia
 p - 2 potions of resistance
 z - 3 potions of berserk rage
 D - a potion of invisibility
 G - 3 potions of magic
 H - 3 potions of agility
 I - 2 potions of curing
 K - 4 potions of cancellation
 N - a potion of haste
 Q - 3 potions of might
 V - 3 potions of brilliance
Comestibles
 c - 2 bread rations
 g - 21 meat rations
 v - 11 slices of pizza
 A - 25 fruits
 B - 7 royal jellies
 X - 2 beef jerkies


   Skills:
 + Level 16.5(15.6) Fighting
 + Level 19.3(18.3) Maces & Flails
 + Level 14.9(14.0) Armour
 + Level 14.8(13.9) Dodging
 + Level 5.7(5.0) Evocations


You had 18 spell levels left.
You didn't know any spells.

Dungeon Overview and Level Annotations

Branches:
Dungeon (12/15)            Temple (0/1) D:6            Lair (8/8) D:9
  Swamp (4/4) Lair:6       Spider (4/4) Lair:6        Slime (0/6) Lair:7
    Orc (4/4) D:12            Elf (3/3) Orc:4

Altars:
Ashenzari
Cheibriados
Dithmenos
Elyvilon
Gozag
Nemelex Xobeh
Sif Muna
Trog
Xom
Yredelemnul
The Shining One
Beogh

Shops:
D:4 **   D:5 (   D:12 }*   Orc:2 [   Orc:4 ?:=[[   Elf:1 %   Elf:2 (

Portals:
Trove: D:12 (give 16 potions of curing)

Annotations:
Lair:7 exclusion: 2 oklob plants


Innate Abilities, Weirdness & Mutations

You have a pair of large horns on your head.
You are mostly covered in iridescent scales (AC +6).
Your flesh is cold resistant.
You sometimes gain a little power by taking damage.
You are very robust (+20% HP).
You are immune to freezing clouds.
Armour fits poorly on your strangely shaped body.
Your flesh is heat resistant.
You are weak. (Str -2)
[You are clumsy. (Dex -2)]
[Your body sometimes deteriorates upon taking damage.]
[You are dopey. (Int -2)]


Message History

You feel yourself speed up. The large abomination hits you!
* * * LOW HITPOINT WARNING * * *
The wretched star falters for a moment.
The white draconian hits you but does no damage.
You feel drained. The large abomination misses you.
The wretched star falters for a moment.
You are very lightly contaminated with residual magic.
You bludgeon the wretched star!!
You destroy the wretched star!
The large abomination closely misses you.
Unknown command.
The white draconian breathes frost at you.
The chilling blast misses you.
A red draconian comes into view. It is wielding a dire flail.
A large abomination comes into view.
The white draconian hits you but does no damage.
You feel drained.
Found a flail.
The white very ugly thing engulfs you!
You die...

#≈ ### #≈
#≈###≈## #
# ≈.....§X
#≈#.....#§#
#≈#....). .
#≈...# ≈#
#@dd# ##§#
## #.u.##≈§
#X..#≈# # .
#..)≈# #
... #...##
#.# .. #
#'')### ..
##. #.###.
#...# . .
#.
#.†...... .
.# #†.## ..
.


You could see a white very ugly thing, a red draconian, a white draconian and 2
large abominations.

Vanquished Creatures
  A bone dragon (Abyss:1)
  Jorgrun (Swamp:4)
  A lich (Abyss:3)
  Rupert (Orc:3)
  A tentacled monstrosity (Abyss:1)
  A deep elf master archer (Elf:3)
  2 deep elf blademasters (Elf:3)
  9 tentacled starspawn
  An Executioner (Abyss:3)
  Kirke (Elf:1)
  A thorn hunter (Swamp:3)
  Roxanne (Swamp:4)
  7 deep elf sorcerers
  2 balrugs (Abyss:5)
  3 emperor scorpions (Spider:4)
  3 ghost moths (Spider:4)
  A cacodemon (Abyss:1)
  A very ugly thing (Abyss:3)
  6 deep elf demonologists
  5 dire elephants (Lair:8)
  A red draconian (Abyss:1)
  6 deep elf annihilators
  3 deep elf death magi
  3 deep elf high priests (Elf:3)
  Josephine (Lair:6)
  An entropy weaver (Spider:3)
  Fannar (D:11)
  A great orb of eyes (Abyss:1)
  An ice dragon (Lair:1)
  An anaconda (Lair:8)
  Erolcha (D:9)
  A centaur warrior (D:8)
  A catoblepas (Lair:7)
  12 hydras
  Erica (D:9)
  The ghost of Demise the Geomancer, a novice DgEE (D:10)
  7 thrashing horrors
  3 alligators
  9 dancing weapons
  An ogre mage (Orc:4)
  A queen ant (Lair:2)
  5 orc high priests
  16 death yaks
  Nergalle (D:12)
  3 sun demons
  13 wretched stars
  2 shadow wraiths
  2 spatial maelstroms
  An ice devil (Abyss:1)
  10 deep elf knights
  A giant orange brain (D:12)
  7 unseen horrors
  A phantasmal warrior (Abyss:5)
  A death drake (Abyss:1)
  7 deep elf summoners
  8 swamp dragons
  A spriggan druid (Swamp:4)
  3 shambling mangroves
  2 hill giants
  6 orb spiders
  A manticore (D:12)
  3 cyclopes
  2 ugly things
  4 hornets
  15 deep elf conjurers
  15 wolf spiders
  2 orc sorcerers (Orc:4)
  A slime creature (Swamp:3)
  A worldbinder (Abyss:1)
  A griffon (Lair:2)
  A toenail golem (Volcano)
  4 orc knights
  5 sixfirhies
  Maurice (D:12)
  2 molten gargoyles (Volcano)
  2 black mambas
  16 elephants
  18 spiny frogs
  Psyche (Lair:4)
  A torpor snail (Spider:3)
  2 rust devils
  2 apocalypse crabs
  2 efreet
  An orange demon (Abyss:1)
  2 smoke demons (Abyss:1)
  6 komodo dragons
  16 large abominations
  6 ancient zymes
  6 demonic crawlers
  A hellion (Abyss:1)
  2 hellwings (Abyss:1)
  A queen bee (Lair:2)
  6 deep elf priests
  The ghost of slAvIk159 the Chopper, an amateur MiGl (D:5)
  A jumping spider (shapeshifter) (Elf:2)
  2 giant leeches
  2 two-headed ogres
  A polar bear (Lair:3)
  5 trolls
  A red devil (Abyss:5)
  8 jumping spiders
  A harpy zombie (Abyss:3)
  5 bog bodies
  14 raiju
  37 blink frogs
  9 trapdoor spiders
  2 shadows (Swamp:3)
  5 tarantellas
  A spriggan (Swamp:1)
  17 deep elf magi
  A vampire (Abyss:1)
  17 redbacks
  A fire dragon skeleton (Abyss:1)
  5 ynoxinuls
  53 yaks
  10 hippogriffs
  20 vampire mosquitoes
  6 wraiths
  8 humans (Lair:4)
  18 deep elf fighters
  A hog (Elf:1)
  A hungry ghost (Elf:1)
  Grum (D:10)
  A basilisk (Lair:2)
  4 wargs
  6 neqoxecs
  4 wyverns
  24 swamp worms
  A catoblepas simulacrum (Abyss:3)
  A fire bat (Volcano)
  16 wolves
  4 chaos spawn
  8 insubstantial wisps
  15 soldier ants (Lair:2)
  2 hell hounds (Volcano)
  A spatial vortex (Abyss:1)
  19 orc warriors
  11 swamp drakes
  10 porcupines
  Duvessa (D:4)
  6 ice beasts
  3 sky beasts
  12 wasps
  2 eyes of draining
  11 spiders
  20 crocodiles
  12 water moccasins
  2 necrophages
  A phantom (D:6)
  16 ogres
  6 brain worms
  4 centaurs
  21 giant frogs
  4 big kobolds (D:8)
  3 scorpions
  Dowan (D:4)
  28 killer bees
  4 wights (Abyss:1)
  6 electric eels
  4 quasits
  9 crimson imps
  2 giant frog zombies
  3 centaur zombies
  A lava snake (Volcano)
  62 starcursed masses
  A centaur skeleton (D:7)
  A human zombie (Abyss:1)
  A jelly (D:5)
  43 orc priests
  A wasp zombie (D:9)
  13 hounds
  2 giant frog skeletons
  A gnoll shaman (D:5)
  4 iron imps
  11 iguanas
  35 orc wizards
  32 worker ants
  A killer bee zombie (D:8)
  49 sheep
  16 small abominations
  A hound zombie (D:11)
  2 hound skeletons (D:4)
  14 adders
  15 gnolls
  2 worker ant zombies
  28 river rats
  3 shadow imps
  5 white imps
  4 ufetubi (Abyss:1)
  2 adder zombies
  6 worms
  6 giant geckos
  190 orcs
  7 giant cockroaches
  9 hobgoblins
  16 jackals
  2 quokkas
  4 ball pythons
  6 bats
  A giant cockroach zombie (D:6)
  A giant gecko skeleton (D:4)
  2 giant gecko zombies
  5 giant newts
  12 goblins
  6 kobolds
  A quokka skeleton (D:7)
  2 quokka zombies
  13 rats
  A fungus (Lair:8)
  2 plants (Lair:8)
  7 starspawn tentacles
1556 creatures vanquished.

Vanquished Creatures (collateral kills)
  Arachne (Spider:2)
  A deep elf blademaster (Elf:2)
  A thorn hunter (Swamp:4)
  An emperor scorpion (Spider:4)
  7 hydras (Swamp:4)
  4 dancing weapons (Elf:2)
  A death yak (Lair:4)
  2 deep elf knights (Elf:2)
  An orc knight (Orc:4)
  6 swamp dragons (Swamp:4)
  3 orb spiders (Spider:4)
  2 orc sorcerers (Orc:4)
  A deep elf conjurer (Elf:2)
  A torpor snail (Spider:4)
  2 large abominations
  A demonic crawler (Spider:4)
  A jumping spider (Spider:4)
  A deep elf priest (Elf:2)
  4 boulder beetles (Abyss:3)
  3 blink frogs
  2 slime creatures (Swamp:3)
  An ettin skeleton (Abyss:3)
  2 tarantellas
  4 redbacks
  2 yaks (Lair:4)
  2 deep elf fighters (Elf:2)
  4 spiders
  2 orc warriors (Orc:4)
  5 soldier ants (Lair:2)
  4 swamp drakes (Swamp:4)
  2 wasps (Spider:4)
  3 brain worms (Abyss:3)
  A small abomination (Abyss:3)
  2 orc priests (Orc:4)
  3 starcursed masses (Abyss:3)
  An orc wizard (Orc:4)
  2 worker ants (Lair:2)
  An orc (Orc:4)
87 creatures vanquished.

Vanquished Creatures (others)
  A deep elf mage (Elf:1)
  3 humans (Elf:1)
  A deep elf fighter (Elf:1)
  A river rat (Lair:7)
  4 orcs
  20 fungi
  7 plants
  17 starspawn tentacles
  230 starspawn tentacle segments
284 creatures vanquished.

Grand Total: 1927 creatures vanquished

Notes
Turn   | Place    | Note
--------------------------------------------------------------
     0 | D:1      | hyperuncluie the Demonspawn Berserker began the quest for the Orb.
     0 | D:1      | Reached XP level 1. HP: 18/18 MP: 1/1
   167 | D:1      | Gained mutation: You have a pair of small horns on your head. [demonic ancestry]
   167 | D:1      | Reached XP level 2. HP: 18/24 MP: 2/2
   808 | D:1      | Reached ** piety under Trog
   821 | D:1      | Gained mutation: You have a pair of horns on your head. [demonic ancestry]
   821 | D:1      | Reached XP level 3. HP: 24/29 MP: 3/3
  1195 | D:2      | Found a sparkling altar of Nemelex Xobeh.
  1554 | D:2      | Gained mutation: You have a pair of large horns on your head. [demonic ancestry]
  1554 | D:2      | Reached XP level 4. HP: 26/37 MP: 4/4
  2090 | D:3      | Reached skill level 4 in Fighting
  2117 | D:3      | Found a faded altar to an unknown god.
  2262 | D:2      | Reached *** piety under Trog
  2326 | D:3      | Gained mutation: You are partially covered in iridescent scales (AC +4). [demonic ancestry]
  2326 | D:3      | Reached XP level 5. HP: 34/43 MP: 5/5
  2879 | D:4      | Found Veyfygg's General Store.
  2883 | D:4      | Bought 3 scrolls of identify for 60 gold pieces
  2909 | D:4      | Reached XP level 6. HP: 33/50 MP: 6/6
  2911 | D:4      | Reached skill level 5 in Fighting
  3221 | D:4      | Noticed Dowan
  3229 | D:4      | Killed Dowan
  3405 | D:4      | Found Xacuelauf's Assorted Antiques.
  3701 | D:4      | Reached **** piety under Trog
  3704 | D:4      | Reached XP level 7. HP: 56/56 MP: 7/7
  3858 | D:4      | Found a glowing golden altar of the Shining One.
  3861 | D:4      | Noticed an angel
  3891 | D:4      | Found a deep blue altar of Sif Muna.
  3985 | D:4      | Found a basalt altar of Yredelemnul.
  3993 | D:4      | Reached skill level 5 in Maces & Flails
  4012 | D:4      | Noticed a profane servitor
  4128 | D:4      | Noticed Duvessa
  4135 | D:4      | Killed Duvessa
  4171 | D:5      | Entered Level 5 of the Dungeon
  4645 | D:5      | Found Rezop's Antique Weapon Emporium.
  4724 | D:5      | Reached skill level 6 in Fighting
  4724 | D:5      | Gained mutation: Your flesh is cold resistant. [demonic ancestry]
  4724 | D:5      | Reached XP level 8. HP: 62/64 MP: 8/8
  4725 | D:5      | ok cool
  4755 | D:5      | Noticed slAvIk159's ghost (amateur MiGl)
  5201 | D:5      | Found an opulent altar of Gozag.
  5309 | D:5      | Killed slAvIk159's ghost
  5679 | D:5      | Found a shattered altar of Ashenzari.
  5941 | D:6      | Reached skill level 5 in Dodging
  6084 | D:6      | Found a white marble altar of Elyvilon.
  6084 | D:6      | Found a shadowy altar of Dithmenos.
  6114 | D:6      | Reached skill level 7 in Maces & Flails
  6115 | D:6      | Gained mutation: You are robust (+10% HP). [demonic ancestry]
  6115 | D:6      | Reached XP level 9. HP: 78/78 MP: 9/9
  6227 | D:6      | Reached ***** piety under Trog
  6388 | D:6      | Found an opulent altar of Gozag.
  6654 | D:4      | Bought a twisted scale mail for 234 gold pieces
  6664 | D:4      | Identified the +0 scale mail "Dumpik" {rC+} (You bought it in a shop on level 4 of the Dungeon)
  6793 | D:6      | Reached skill level 8 in Maces & Flails
  6794 | D:6      | Received a gift from Trog
  7088 | D:6      | Found a staircase to the Ecumenical Temple.
  7197 | D:6      | Reached skill level 5 in Armour
  8526 | D:7      | Gained mutation: You are mostly covered in iridescent scales (AC +6). [demonic ancestry]
  8526 | D:7      | Reached XP level 10. HP: 63/88 MP: 10/10
  8574 | D:7      | Found a shimmering altar of Xom.
  8575 | D:7      | Found a bloodstained altar of Trog.
  9188 | D:7      | Reached skill level 9 in Maces & Flails
  9329 | D:8      | Noticed a two-headed hydra
  9333 | D:8      | Killed a two-headed hydra
  9610 | D:8      | Noticed a centaur warrior
  9618 | D:8      | Killed a centaur warrior
  9618 | D:8      | Reached skill level 10 in Maces & Flails
 10144 | D:9      | Noticed Erica
 10162 | D:9      | Killed Erica
 10162 | D:9      | Reached XP level 11. HP: 77/97 MP: 11/11
 10180 | D:9      | Found a staircase to the Lair.
 10219 | Lair:1   | Entered Level 1 of the Lair of Beasts
 10299 | Lair:1   | Noticed a four-headed hydra
 10310 | Lair:1   | Killed a four-headed hydra
 10412 | Lair:1   | Noticed an ice dragon
 10432 | Lair:1   | Killed an ice dragon
 10970 | Lair:1   | Received a gift from Trog
 11672 | Lair:2   | Noticed a queen ant
 11758 | Lair:2   | Reached skill level 11 in Maces & Flails
 11956 | Lair:2   | Got a twisted leather armour
 11967 | Lair:2   | Identified the +0 leather armour "Ypniuxew" {+Blink MR+} (You found it on level 2 of the Lair of Beasts)
 12103 | Lair:2   | Killed a queen ant
 12103 | Lair:2   | Reached skill level 10 in Fighting
 12147 | Lair:2   | Reached ****** piety under Trog
 12161 | Lair:2   | Received a gift from Trog
 12165 | Lair:2   | Gained mutation: You sometimes gain a little power by taking damage. [demonic ancestry]
 12165 | Lair:2   | Reached XP level 12. HP: 106/106 MP: 12/12
 12262 | Lair:2   | Received a gift from Trog
 13140 | Lair:3   | Got a twisted great mace
 13141 | Lair:3   | Identified the cursed +1 great mace of a labyrinth {freeze, +Fly Stlth+} (You found it on level 3 of the Lair of Beasts)
 13310 | Lair:3   | Reached skill level 12 in Maces & Flails
 13405 | Lair:3   | Received a gift from Trog
 13941 | Lair:4   | Noticed Psyche
 13963 | Lair:4   | Reached XP level 13. HP: 115/115 MP: 13/13
 14003 | Lair:4   | Killed Psyche
 14486 | Lair:4   | Gained mutation: Your muscles are strong. (Str +2) [potion of beneficial mutation]
 14487 | Lair:4   | Gained mutation: Your muscles are very strong. (Str +4) [potion of beneficial mutation]
 14556 | Lair:5   | Received a gift from Trog
 14556 | Lair:5   | Reached skill level 13 in Maces & Flails
 15225 | Lair:6   | Found a hole to the Spider Nest.
 15461 | Lair:6   | Noticed Josephine
 15472 | Lair:6   | Killed Josephine
 15480 | Lair:6   | Reached skill level 10 in Dodging
 16021 | Lair:6   | Found a staircase to the Swamp.
 16365 | Lair:7   | Reached skill level 10 in Armour
 16402 | Lair:7   | Received a gift from Trog
 16670 | Lair:7   | Reached XP level 14. HP: 123/125 MP: 14/14
 16905 | Lair:7   | Reached skill level 14 in Maces & Flails
 17134 | Lair:7   | Received a gift from Trog
 17310 | Lair:7   | Found a staircase to the Slime Pits.
 17337 | Lair:8   | Entered Level 8 of the Lair of Beasts
 18770 | Lair:6   | Received a gift from Trog
 18778 | Swamp:1  | Entered Level 1 of the Swamp
 18948 | Swamp:1  | Reached skill level 15 in Maces & Flails
 19193 | Swamp:1  | Reached XP level 15. HP: 86/134 MP: 15/15
 19194 | Swamp:1  | Received a gift from Trog
 19489 | Swamp:1  | Got a dazzling hat
 19490 | Swamp:1  | Identified the +1 hat of the First Eyes {rC+ Int+4} (You found it on level 1 of the Swamp)
 19816 | Swamp:3  | Noticed a thorn hunter
 19850 | Swamp:3  | Killed a thorn hunter
 20126 | Swamp:3  | Gained mutation: You tend to lose your temper in combat. [potion of mutation]
 20126 | Swamp:3  | Gained mutation: Your flesh is heat resistant. [potion of mutation]
 20126 | Swamp:3  | Gained mutation: You can breathe flames. [potion of mutation]
 20286 | Swamp:4  | Entered Level 4 of the Swamp
 20322 | Swamp:4  | Noticed Jorgrun
 20333 | Swamp:4  | Killed Jorgrun
 20651 | Swamp:4  | Noticed Roxanne
 20673 | Swamp:4  | Killed Roxanne
 20782 | Swamp:4  | Received a gift from Trog
 20807 | Swamp:4  | Noticed a thorn hunter
 20815 | Swamp:4  | Killed a thorn hunter
 20936 | Swamp:4  | Got a decaying rune of Zot
 21029 | Swamp:4  | Reached skill level 16 in Maces & Flails
 21297 | Spider:1 | Entered Level 1 of the Spider Nest
 21447 | Spider:2 | Noticed Arachne
 21564 | Spider:2 | Received a gift from Trog
 21566 | Spider:2 | Killed Arachne
 21713 | Spider:2 | Gained mutation: You are immune to freezing clouds. [demonic ancestry]
 21713 | Spider:2 | Reached XP level 16. HP: 45/145 MP: 16/16
 22224 | Spider:4 | Entered Level 4 of the Spider Nest
 22470 | Spider:4 | Received a gift from Trog
 23301 | Spider:4 | Gained mutation: You evolve. [mutagenic meat]
 23310 | Spider:4 | Got a gossamer rune of Zot
 23994 | D:9      | Noticed Erolcha
 23999 | D:9      | Killed Erolcha
 24113 | D:9      | Found a snail-covered altar of Cheibriados.
 24325 | D:10     | Entered Level 10 of the Dungeon
 24325 | D:10     | Noticed Grum
 24334 | D:10     | Killed Grum
 24573 | D:8      | Lost mutation: You tend to lose your temper in combat. [potion of cure mutation]
 24573 | D:8      | Lost mutation: Your muscles are very strong. (Str +4) [potion of cure mutation]
 24573 | D:8      | Lost mutation: Your muscles are strong. (Str +2) [potion of cure mutation]
 24573 | D:8      | Lost mutation: You can breathe flames. [potion of cure mutation]
 24573 | D:8      | Lost mutation: You evolve. [potion of cure mutation]
 24678 | D:4      | Bought the +2 cloak of Starlight {rElec rC+ EV+4 Stlth--} for 1287 gold pieces
 25129 | D:10     | Found a sparkling altar of Nemelex Xobeh.
 25154 | D:10     | Noticed Demise's ghost (novice DgEE)
 25165 | D:10     | Killed Demise's ghost
 25503 | D:11     | Reached skill level 17 in Maces & Flails
 25543 | D:11     | Received a gift from Trog
 25739 | D:11     | Noticed Fannar
 25758 | D:11     | Killed Fannar
 26036 | D:12     | Noticed Nergalle
 26042 | D:12     | Killed Nergalle
 26237 | D:12     | Found Uckuufoi's General Store.
 26394 | D:12     | Found Muonuc's Gadget Emporium.
 26420 | D:12     | Found a staircase to the Orcish Mines.
 26618 | D:12     | Noticed Maurice
 26635 | D:12     | Killed Maurice
 26971 | D:12     | Found a portal to a secret trove of treasure.
 27046 | Orc:1    | Entered Level 1 of the Orcish Mines
 27400 | Orc:1    | Found a bloodstained altar of Trog.
 27407 | Orc:1    | Received a gift from Trog
 27506 | Orc:1    | Found a dark tunnel.
 27515 | Volcano  | Entered a volcano
 27639 | Volcano  | Found a burning altar of Makhleb.
 28085 | Orc:2    | Found Bythraqoum's Armour Shoppe.
 28310 | Orc:2    | Received a gift from Trog
 28780 | Orc:3    | Noticed Rupert
 28793 | Orc:3    | Killed Rupert
 28793 | Orc:3    | Reached XP level 17. HP: 146/154 MP: 17/17
 29285 | Orc:4    | Entered Level 4 of the Orcish Mines
 29349 | Orc:4    | Found Juqot's Antique Armour Boutique.
 29418 | Orc:4    | Received a gift from Trog
 29427 | Orc:4    | Got a pitted dire flail {god gift}
 29430 | Orc:4    | Identified the +2 dire flail of the Gloaming {flame, *Corrode rF+ rC+++ Int-5} (Trog gifted it to you on level 4 of the Orcish Mines)
 29479 | Orc:4    | Found a staircase to the Elven Halls.
 29609 | Orc:4    | Found Vakoquzika's Antique Armour Shoppe.
 29609 | Orc:4    | Found Bokhirahe's Jewellery Shop.
 29612 | Orc:4    | Found Voutyrac's Book Shoppe.
 29612 | Orc:4    | Found Juit's Magic Scroll Shop.
 29628 | Orc:4    | Bought a dazzling scale mail for 207 gold pieces
 29628 | Orc:4    | Identified the +3 scale mail of Forking Paths {rN+ Regen+ rCorr} (You bought it in a shop on level 4 of the Orcish Mines)
 29635 | Orc:4    | Bought an uncursed amulet of resist mutation for 520 gold pieces
 29742 | Orc:4    | Found a roughly hewn altar of Beogh.
 29856 | Orc:4    | Bought a pair of runed boots for 180 gold pieces
 29985 | Elf:1    | Entered Level 1 of the Elven Halls
 30001 | Elf:1    | Gained mutation: Armour fits poorly on your strangely shaped body. [a neqoxec]
 30059 | Elf:1    | Received a gift from Trog
 30337 | Elf:1    | Noticed Kirke
 30350 | Elf:1    | Killed Kirke
 30413 | Elf:1    | Found Rekhakag's Food Shoppe.
 31260 | Elf:2    | Found Nyphuyc's Weapon Shop.
 31370 | Elf:2    | Received a gift from Trog
 31386 | Elf:2    | Reached skill level 15 in Fighting
 31673 | Elf:2    | Received a gift from Trog
 31887 | Elf:2    | Found a huge runed gate.
 31887 | Elf:2    | Found a huge runed gate.
 31894 | Elf:2    | Found a huge runed gate.
 31944 | Elf:2    | Reached skill level 18 in Maces & Flails
 31958 | Elf:2    | Received a gift from Trog
 32319 | Elf:3    | Entered Level 3 of the Elven Halls
 32966 | Elf:2    | Noticed a Brimstone Fiend
 33122 | Elf:2    | Cast into the Abyss (triple sword of distortion)
 33123 | Abyss:1  | oh
 33123 | Abyss:1  | kay
 33123 | Abyss:1  | cool
 33125 | Abyss:1  | Found a roughly hewn altar of Beogh.
 33198 | Abyss:2  | Found a corrupted altar of Lugonu.
 33219 | Abyss:2  | Found a corrupted altar of Lugonu.
 33352 | Abyss:3  | HP: 6/156 [squashed by a boulder beetle (32)]
 33472 | Abyss:3  | Reached XP level 18. HP: 110/163 MP: 6/18
 33545 | Abyss:3  | Paralysed by accursed screaming for 1 turns
 33552 | Abyss:3  | Paralysed by accursed screaming for 1 turns
 33767 | Abyss:3  | Paralysed by you for 4 turns
 33848 | Elf:2    | Escaped the Abyss
 34693 | Elf:3    | Cast into the Abyss (a deep elf sorcerer)
 34798 | Abyss:1  | Reached skill level 1 in Evocations
 34820 | Abyss:1  | Received a gift from Trog
 35142 | Abyss:1  | Noticed a bone dragon
 35169 | Abyss:1  | Killed a bone dragon
 35769 | Abyss:1  | Reached skill level 19 in Maces & Flails
 35827 | Abyss:1  | 15 hrs idle thanks mom
 35943 | Abyss:1  | Gained mutation: You are very robust (+20% HP). [demonic ancestry]
 35943 | Abyss:1  | Reached XP level 19. HP: 86/187 MP: 7/21
 36071 | Abyss:1  | Noticed an ancient lich
 36406 | Elf:3    | Escaped the Abyss
 36641 | Elf:3    | Cast into the Abyss (a deep elf sorcerer)
 36851 | Abyss:1  | Paralysed by accursed screaming for 1 turns
 37145 | Abyss:2  | Found a corrupted altar of Lugonu.
 37234 | Abyss:3  | Found a bloodstained altar of Trog.
 37269 | Abyss:3  | Reached skill level 5 in Evocations
 37400 | Abyss:3  | Paralysed by accursed screaming for 1 turns
 37430 | Abyss:3  | Found a shadowy altar of Dithmenos.
 37526 | Abyss:5  | Entered Level 5 of the Abyss
 37570 | Abyss:5  | Gained mutation: You are weak. (Str -2) [a neqoxec]
 37781 | Abyss:5  | HP: 3/190 [large abomination (12)]
 37785 | Abyss:5  | Mangled by a white very ugly thing

Action                   |  1- 3 |  4- 6 |  7- 9 | 10-12 | 13-15 | 16-18 | 19-21 || total
-------------------------+-------+-------+-------+-------+-------+-------+-------++-------
Melee: Mace              |   145 |    76 |       |       |       |       |       ||   221
       Morningstar       |       |    42 |   330 |   664 |       |       |       ||  1036
       Great mace        |       |       |       |   122 |  1109 |  1996 |   393 ||  3620
Invok: Berserk           |     4 |     7 |    11 |    16 |    13 |     8 |     1 ||    60
       Burn Spellbooks   |       |     1 |       |       |     1 |     2 |       ||     4
       Brothers in Arms  |       |       |       |     2 |     5 |    10 |     2 ||    19
       Trog's Hand       |       |       |       |       |     2 |    18 |    12 ||    32
Evoke: Wand              |       |       |     7 |       |     3 |    11 |     4 ||    25
  Use: Scroll            |       |       |       |    32 |    19 |    24 |     4 ||    79
       Potion            |       |       |       |     2 |     5 |    12 |     2 ||    21
 Stab: Sleeping          |     1 |     1 |       |       |     1 |     1 |       ||     4
       Distracted        |       |       |       |     1 |     2 |     1 |       ||     4
       Invisible         |       |       |       |       |     2 |       |       ||     2
       Paralysed         |       |       |       |       |     2 |     2 |       ||     4
       Confused          |       |       |       |       |     1 |       |       ||     1
  Eat: Chunk             |     5 |    14 |    24 |    28 |    23 |    26 |       ||   120
       Bread ration      |       |       |     1 |     2 |     5 |     7 |     1 ||    16
       Fruit             |       |       |       |     5 |     1 |       |       ||     6
       Meat ration       |       |       |       |       |     2 |     2 |     1 ||     5
       Beef jerky        |       |       |       |       |       |     6 |       ||     6
